 Dungeon Crawl Stone Soup version 0.22-a0-772-gac08f70 (webtiles) character file.

207 Mamutox the Cudgeler (level 5, -1/48 HPs)
             Began as a Minotaur Monk on July 17, 2018.
             Slain by an orc wizard
             ... wielding a +1 dagger of venom
              (6 damage)
             ... on level 3 of the Dungeon.
             The game lasted 00:04:03 (2102 turns).

Mamutox the Cudgeler (Minotaur Monk)                Turns: 2102, Time: 00:04:04

Health: -1/48      AC:  2    Str: 16    XL:     5   Next: 54%
Magic:  4/4        EV: 13    Int:  7    God:
Gold:   69         SH:  0    Dex: 13    Spells: 4/4 levels left

rFire    . . .     SeeInvis .   a - +0 mace
rCold    . . .     Gourm    .   (no shield)
rNeg     . . .     Faith    .   b - +0 robe
rPois    +         Spirit   .   (helmet restricted)
rElec    .         Reflect  .   (no cloak)
rCorr    .         Harm     .   (no gloves)
MR       .....                  (no boots)
Stlth    ++........             (no amulet)
HPRegen  0.16/turn              m - ring of poison resistance
MPRegen  0.09/turn              (no ring)

@: lethally poisoned (-1 -> -8), slowed, very slow
A: retaliatory headbutt, horns 2
a: no special abilities


You were on level 3 of the Dungeon.
You were not hungry.

You visited 1 branch of the dungeon, and saw 3 of its levels.

You collected 69 gold pieces.

Inventory:

Hand Weapons
 a - a +0 mace (weapon)
 r - a +2 antimagic trident
Armour
 b - a +0 robe (worn)
 j - a +0 chain mail
Jewellery
 m - a ring of poison resistance (left hand)
Scrolls
 e - 3 scrolls of enchant weapon {unknown}
 k - a scroll of identify {unknown}
 l - a scroll of amnesia {unknown}
 n - a scroll of fog {unknown}
 o - a scroll of teleportation {unknown}
 p - 3 scrolls of blinking {unknown}
Potions
 d - a potion of haste {unknown}
 f - 3 potions of curing {unknown}
 g - 2 potions of lignification {unknown}
 h - 2 potions of cancellation {unknown}
 i - a potion of resistance {unknown}
 q - 2 potions of heal wounds {unknown}
Comestibles
 c - 4 rations


   Skills:
 + Level 5.2 Fighting
 + Level 6.6 Maces & Flails
 - Level 3.2 Dodging
 - Level 1.5 Stealth


You had 4 spell levels left.
You didn't know any spells.
Your spell library was empty.

Dungeon Overview and Level Annotations

Branches:
Dungeon (3/15)

Altars:
Trog


Innate Abilities, Weirdness & Mutations

You reflexively headbutt those who attack you in melee.
You have a pair of horns on your head.


Message History

The orc wizard barely misses you. The orc hits you with a dagger.
The orc wizard hits you with a dagger of venom.
The orc hits you but does no damage. The orc hits you with a morningstar!
You hit the orc wizard. Your headbutt misses the orc wizard.
The orc wizard is severely wounded.
The orc wizard hits you with a dagger of venom.
The orc hits you with a dagger.
* * * LOW HITPOINT WARNING * * *
The orc hits you with a morningstar.
* * * LOW HITPOINT WARNING * * *
The orc wizard hits you with a dagger of venom.
* * * LOW HITPOINT WARNING * * *
You are lethally poisoned!
The orc wizard gestures wildly while chanting.
The orc wizard seems to speed up.
The orc hits you but does no damage.
* * * LOW HITPOINT WARNING * * *
You feel sick.
The orc wizard hits you but does no damage.
The orc wizard hits you with a dagger of venom.
You die...

#####
#...#################
##.......).##.........
#.....####.....#######
#.>...# ##.....#
#.....# ##...##
#....@# ##.## #...oo#
#.# ####.#### #.#
#.))†..# #'# #.#.##.#
... # #.#.# # ... # .
.?# # .# ..# # #. ....
.


You could see an orc wizard and an orc.

Vanquished Creatures
  An eye of draining (D:3)
  A gnoll (D:3)
  3 adders
  A worm (D:3)
  2 dart slugs (D:2)
  2 leopard geckos (D:1)
  9 orcs (D:3)
  3 ball pythons
  6 goblins
  7 hobgoblins
  12 jackals
  5 bats (D:1)
  2 frilled lizards
  10 kobolds
  2 rats
66 creatures vanquished.

Notes
Turn   | Place    | Note
-------+----------+-------------------------------------------
     0 | D:1      | Mamutox the Minotaur Monk began the quest for the Orb.
     0 | D:1      | Reached XP level 1. HP: 19/19 MP: 0/0
   394 | D:1      | Reached skill level 4 in Maces & Flails
   410 | D:1      | Reached XP level 2. HP: 26/27 MP: 1/1
   963 | D:1      | Reached XP level 3. HP: 31/34 MP: 2/2
  1361 | D:2      | Reached skill level 5 in Maces & Flails
  1609 | D:2      | Reached XP level 4. HP: 41/41 MP: 3/3
  1771 | D:3      | Found a bloodstained altar of Trog.
  1771 | D:3      | Noticed an eye of draining
  1790 | D:3      | Killed an eye of draining
  1790 | D:3      | Reached skill level 5 in Fighting
  1790 | D:3      | Reached skill level 6 in Maces & Flails
  1790 | D:3      | Reached XP level 5. HP: 48/48 MP: 0/4
  2102 | D:3      | Slain by an orc wizard

Vault maps used:
D:1:      eino_arrival_cavern_e, minmay_misc_feat_more_columns
D:2:      first_ration
D:3:      trog_eyes_of_draining, serial_glass, glass_columns_a, glass_columns_b,
          glass_columns_c, glass_columns_b, glass_columns_a, glass_columns_b,
          yredelemnul_altar_generic

Skill      XL: |  1  2  3  4 |
---------------+-------------+-----
Fighting       | 4 5 |  5.2
Maces & Flails | 4 5 6 |  6.6
Dodging        | |  3.2
Stealth        | |  1.5

Action                   |  1- 3 |  4- 6 || total
-------------------------+-------+-------++-------
Melee: Mace              |    83 |    52 ||   135
       Headbutt          |    11 |    12 ||    23
 Stab: Sleeping          |     3 |     1 ||     4
  Eat: Chunk             |     2 |     2 ||     4
Armor: Robe              |    28 |     2 ||    30
Dodge: Dodged            |    91 |    25 ||   116

Table legend:
 A = Spawn XP
 B = Non-spawn XP
 C = Spawn XP percentage of total XP
 D = Spawn monster count
 E = Non-spawn monster count
 F = Spawn count percentage of total count
 G = Total turns spent on level
                    A         B        C        D         E        F      G
               +---------+---------+-------+---------+---------+-------+---------
         Total |       0 |     296 |   0.0 |       0 |      66 |   0.0 |  2102
               +---------+---------+-------+---------+---------+-------+---------
           D:1 |       0 |      50 |   0.0 |       0 |      28 |   0.0 |  1073
           D:2 |       0 |      55 |   0.0 |       0 |      15 |   0.0 |   611
           D:3 |       0 |     191 |   0.0 |       0 |      23 |   0.0 |   418
               +---------+---------+-------+---------+---------+-------+---------
